Description

This is a flexible 3 base MMMM macro build against Protoss.

VOD

https://www.youtube.com/watch?v=g-_dQd9xaes

Build Order

Get SALT Encoding   

  14  0:17  Supply Depot  
  16  0:40  Barracks  
  16  0:43  Refinery  
  19  1:15  Action  SCV Scout
  20  1:27  Orbital Command, Reaper  
  20  1:48  Command Center  
  21  1:56  Supply Depot  
  21  2:00  Barracks Reactor  
  21  2:07  Refinery  
  23  2:22  Factory  
  24  2:30  Bunker  Optional
  25  2:35  Marine  
  26  2:36  Marine  Continuous Production
  30  3:01  Orbital Command  
  31  3:05  Factory Tech Lab  
  31  3:07  Starport  
  37  3:23  Cyclone  
  41  3:32  Supply Depot  Continuous Production
  43  3:43  Starport Tech Lab  
  50  3:55  Siege Tank  
  54  4:13  Raven  
  61  4:30  Command Center  
  63  4:45  Action  Lift Factory and replace with Barracks onto TL
  63  4:50  Barracks x2  Build on empty Reactor
  64  5:00  Stimpack  
  66  5:05  Refinery x2, Action  Lift Starport from TL
  69  5:20  Engineering Bay  
  69  5:22  Engineering Bay  
  69  5:23  Starport Reactor, Factory Reactor  
  76  5:40  Action  Put Barracks on empty TL
  76  5:45  Terran Infantry Weapons Level 1  
  76  5:47  Terran Infantry Armor Level 1, Combat Shield  
  76  5:48  Orbital Command  
  76  5:55  Barracks x2  
  78  6:00  Marauder x2, Widow Mine x2  Continuous Production, Continuous Production
  88  6:20  Medivac x2  
  111  6:45  Barracks Tech Lab, Barracks Reactor  
  115  7:00  Armory, Action  Move Out
Spawning Tool Build Advisor. Get it on Overwolf

Analysis

Limited tools are available to defend against all-ins and early aggression. Do not attack before the upgrades finish.

See ZombieGrub's video for a more detailed analysis

Go to:

Details

  • Created by: icecaloric
  • Published on: Sep 20, 2019
  • Modified on: Sep 20, 2019
  • Patch: 4.7.1
Show
View Real Time Build Order
Export as new Build Order

Comments (0)

There are no comments. Be the first!

Create an account to comment!